 Dungeon Crawl Stone Soup version 0.25-a0-248-g18654cfe15 (webtiles) character file.

Game seed: 12121790530104311746, levelgen mode: deterministic

1 Iskender the Stinger (level 1, 11/11 HPs)
             Began as an Octopode Venom Mage on Dec 4, 2019.
             Quit the game on level 1 of the Dungeon.
             The game lasted 00:01:19 (168 turns).

Iskender the Stinger (Octopode Venom Mage)           Turns: 168, Time: 00:01:19

Health: 11/11      AC:  1    Str:  7    XL:     1   Next: 20%
Magic:  3/3        EV: 13    Int: 17    God:
Gold:   68         SH:  0    Dex: 12    Spells: 3/4 levels left

rFire    . . .     SeeInvis .   (no weapon)
rCold    . . .     Gourm    .   (no shield)
rNeg     . . .     Faith    .   (helmet restricted)
rPois    .         Spirit   .   (no amulet)
rElec    .         Reflect  .   (no ring)
rCorr    .         Harm     .   (no ring)
MR       .....                  (no ring)
Stlth    +++.......             (no ring)
HPRegen  0.03/turn              (no ring)
MPRegen  0.08/turn              (no ring)
                                (no ring)
                                (no ring)

@: no status effects
A: almost no armour, stealthy swim, amphibious, 8 rings, constrict 8, camouflage
1, gelatinous body 1
a: no special abilities


You were on level 1 of the Dungeon.
You were not hungry.

You visited 1 branch of the dungeon, and saw 1 of its levels.

You collected 68 gold pieces.

Inventory:

Hand Weapons
 c - a cursed -2 dagger
Scrolls
 d - a scroll of remove curse {unknown}
 e - a scroll of teleportation {unknown}
Potions
 a - 2 potions of curing {unknown}
Comestibles
 b - a ration


   Skills:
 - Level 2.0 Dodging
 - Level 2.6 Stealth
 - Level 2.0 Spellcasting
 - Level 1.0 Transmutations
 + Level 3.7 Poison Magic


You had 3 spell levels left.
You knew the following spells:

 Your Spells              Type           Power        Failure   Level  Hunger
a - Sting                 Tmut/Pois      #...         8%          1    #......

Your spell library contained the following spells:

 Spells                   Type           Power        Failure   Level  Hunger
 Poisonous Vapours        Pois/Air       #.....       14%         2    ###....
 Ignite Poison            Fire/Tmut/Pois #.......     30%         3    ###....
 Mephitic Cloud           Conj/Pois/Air  #.......     34%         3    ###....
 Olgreb's Toxic Radiance  Pois           ##......     38%         4    #####..


Dungeon Overview and Level Annotations

Branches:
Dungeon (1/15)

Altars:


Innate Abilities, Weirdness & Mutations

You cannot wear most types of armour.
You are very stealthy in the water. (Stealth+)
You are amphibious.
You can wear up to eight rings at the same time.
You can use your tentacles to constrict eight enemies at once.
Your skin changes colour to match your surroundings (Stealth+).
Your rubbery body absorbs attacks. (AC +1, EV +1)


Message History

There is a stone staircase leading down here.
You see here a dagger.
c - a dagger You now have 49 gold pieces (gained 10).
Unknown command.
You see here a bat corpse.
Found a whip.
Found a leather armour.
Found a buckler.
Found two stone staircases leading down.
Found a scroll labeled CUUNIOPEAM.
Found 12 gold pieces.
You now have 56 gold pieces (gained 7).
There are no items here.
d - a scroll labeled CUUNIOPEAM You now have 68 gold pieces (gained 12).
e - a scroll labeled GAOMAI QOGU
Okay, then.
Unknown command.
Are you sure you want to abandon this character and quit the game? (Confirm with "yes".)

###########
##.........## #
#...........#..
#.............#
##.............#
####.##...........#..#
.......@.............#
#######..###.##.###[.#
#..# #.##.###.####
....###.##....>. ..
..##.#......)#.#####
......................
############..##..####
....# #....
+#......... ....##....
#.#..###..


There were no monsters in sight!

Vanquished Creatures
  A bat (D:1)
  A rat (D:1)
2 creatures vanquished.

Notes
Turn   | Place    | Note
-------+----------+-------------------------------------------
     0 | D:1      | Iskender the Octopode Venom Mage began the quest for the
                  | Orb.
     0 | D:1      | Reached XP level 1. HP: 11/11 MP: 3/3
   168 | D:1      | Quit the game

Levels and vault maps discovered:
D:1:      minmay_arrival_four_loops, layout_rooms, serial_curves,
          eino_curves_03, eino_curves_02, eino_curves_01, eino_curves_01

Action                   || total
-------------------------++-------
 Cast: Sting             ||     2

Table legend:
 A = Non-vault XP
 B = Vault XP
 C = Vault XP percentage of total XP
 D = Non-vault monster count
 E = Vault monster count
 F = Vault count percentage of total count
                 A         B        C        D         E       F
            +---------+---------+-------+---------+---------+-------
      Total |       2 |       0 |   0.0 |       2 |       0 |   0.0
            +---------+---------+-------+---------+---------+-------
        D:1 |       2 |       0 |   0.0 |       2 |       0 |   0.0
            +---------+---------+-------+---------+---------+-------
